[Event "Titled Tuesday Blitz January 03 Early 2023"]
[White "Vifleemskaia, Svetlana"]
[Black "Gavilan Diaz, Mario"]
[WhiteFideId "4129490"]
[BlackFideId "2260905"]
[WhiteElo "1971"]
[BlackElo "2271"]
[Result "1-0"]
[Round "05"]
[TimeControl "180+2"]
[Date "2023.01.03"]
[WhiteClock "0:00:16"]
[BlackClock "0:00:02"]

1. d4 Nf6 2. c4 e6 3. Nc3 Bb4 4. e3 O-O 5. Ne2 c5 6. a3 Ba5 7. dxc5 Bxc3+ 8. Nxc3 Qe7 9. b4 a5 10. Bb2 Nc6 11. b5 Ne5 12. Qd6 Qxd6 13. cxd6 Ng6 14. b6 a4 15. f3 Ra5 16. Nb5 Ne8 17. c5 f5 18. Bc3 Ra8 19. Bc4 Nf6 20. Nc7 Rb8 21. Ke2 Kh8 22. Rhd1 e5 23. Bb5 e4 24. f4 Ng4 25. h3 Nf6 26. Bxa4 Nh4 27. Kf2 Ng6 28. Bb5 Ne8 29. a4 Nxc7 30. bxc7 Ra8 31. a5 Re8 32. g4 fxg4 33. hxg4 Nf8 34. f5 h5 35. Rh1 Kg8 36. Rxh5 g6 37. Rh8+ Kf7 38. Rah1 gxf5 39. gxf5 Ne6 40. fxe6+ Kxe6 41. Rxe8+ Kd5 42. Rh5# 1-0


[Site "https://www.chess.com"]

[Event "Titled Tuesday Blitz January 03 Early 2023"]
[White "Shuvalov, Evgenij"]
[Black "Slovineanu"]
[WhiteFideId "4187237"]
[WhiteElo "2038"]
[BlackElo "2294"]
[Result "0-1"]
[Round "05"]
[TimeControl "180+2"]
[Date "2023.01.03"]
[WhiteClock "0:00:17"]
[BlackClock "0:00:18"]

1. d4 d6 2. c4 e5 3. e3 Nc6 4. Nc3 g6 5. Nf3 Bg7 6. Be2 Nge7 7. O-O O-O 8. b3 exd4 9. exd4 d5 10. c5 Bg4 11. Be3 Nf5 12. Bg5 Qd7 13. Rc1 h6 14. Bf4 Rfe8 15. h3 Bxf3 16. Bxf3 Nfxd4 17. Nxd5 Nxf3+ 18. Qxf3 Nd4 19. Qd1 Qxd5 20. Bxc7 Ne2+ 21. Kh1 Qc6 22. Bd6 Nxc1 23. Qxc1 Re2 24. a3 Rae8 25. b4 Be5 26. Bxe5 R8xe5 27. Qxh6 Re1 28. Rxe1 Rxe1+ 29. Kh2 Qc7+ 30. f4 Qe7 31. h4 Qe3 32. h5 Qg1+ 33. Kg3 Re3+ 34. Kh4 Qh2+ 35. Kg5 Qg3+ 36. Kf6 Re6# 0-1


[Site "https://www.chess.com"]

[Event "Titled Tuesday Blitz January 03 Early 2023"]
[White "Kaminski, Victor"]
[Black "Quinones Garcia, Santiago"]
[WhiteFideId "1131630"]
[BlackFideId "4408497"]
[WhiteElo "2247"]
[BlackElo "2248"]
[Result "1-0"]
[Round "05"]
[TimeControl "180+2"]
[Date "2023.01.03"]
[WhiteClock "0:00:17"]
[BlackClock "0:00:07"]

1. e4 e5 2. Nf3 Nc6 3. Bb5 a6 4. Ba4 Nf6 5. O-O Be7 6. d3 b5 7. Bb3 d6 8. a3 Na5 9. Ba2 c5 10. h3 Be6 11. Nc3 O-O 12. Bg5 h6 13. Bxf6 Bxf6 14. Bd5 Rb8 15. b4 Nb7 16. Qb1 Qc7 17. Qb3 Rfe8 18. Rfb1 Nd8 19. Ne2 Nc6 20. c3 a5 21. Rc1 a4 22. Qa2 Qd7 23. Rd1 Ne7 24. Bxe6 fxe6 25. d4 exd4 26. cxd4 cxd4 27. Nexd4 Kf7 28. Rac1 Rec8 29. Rxc8 Rxc8 30. Qe2 Rc4 31. e5 dxe5 32. Nxe5+ Bxe5 33. Nf3 Qxd1+ 34. Qxd1 Bf4 35. Nd2 Rd4 36. Qf3 Nf5 37. Nf1 Kg6 38. g3 Bc1 39. Qc6 Bxa3 40. Qxe6+ Kg5 41. f4+ Rxf4 42. gxf4+ Kxf4 43. Qd5 Bxb4 44. Qxb5 Bd6 45. Qxa4+ Kg5 46. Qg4+ Kf6 47. Nd2 Bc5+ 48. Kh1 g5 49. Ne4+ Kg6 50. Nxc5 h5 51. Qe4 Kf6 52. Qe6+ Kg7 53. Qxf5 1-0


[Site "https://www.chess.com"]

[Event "Titled Tuesday Blitz January 03 Early 2023"]
[White "Kukula, Pawel"]
[Black "Viskelis, Darius"]
[WhiteFideId "1115081"]
[BlackFideId "12800830"]
[WhiteElo "2135"]
[BlackElo "2166"]
[Result "0-1"]
[Round "05"]
[TimeControl "180+2"]
[Date "2023.01.03"]
[WhiteClock "0:00:12"]
[BlackClock "0:00:10"]

1. d4 d5 2. Bf4 Bf5 3. e3 e6 4. c4 Bxb1 5. Rxb1 Bb4+ 6. Ke2 dxc4 7. f3 Nf6 8. Kf2 O-O 9. Bxc4 Bd6 10. Bg3 Nbd7 11. b4 Nb6 12. Bd3 Nbd5 13. Qd2 a5 14. b5 c5 15. Ne2 Nb4 16. a3 Nxd3+ 17. Qxd3 Rc8 18. Rhd1 c4 19. Qc3 Nd5 20. Qa1 Bxg3+ 21. hxg3 Qg5 22. f4 Qg4 23. Nc3 Rfe8 24. e4 Nf6 25. Rh1 Qg6 26. Rbe1 Red8 27. Qd1 Ng4+ 28. Kg1 h5 29. Qd2 Qf6 30. Rd1 g6 31. e5 Qf5 32. Qe2 Rd7 33. Rh4 Rcd8 34. Rxg4 Qxg4 35. Qxg4 hxg4 36. Ne2 c3 37. Kf2 c2 38. Rc1 Rc8 39. Ke3 Rc4 40. Kd3 Rdc7 41. Kd2 b6 42. Kd3 Ra4 43. Rxc2 Rxc2 44. Kxc2 Rxa3 45. Nc3 Ra1 46. d5 exd5 47. Nxd5 Rg1 48. Nxb6 Rxg2+ 49. Kc3 Rxg3+ 50. Kc4 Rf3 51. Nd5 g3 52. b6 g2 53. b7 g1=Q 54. b8=Q+ Kg7 55. Ne7 Qc1+ 56. Kd5 Rd3+ 57. Ke4 Qe3# 0-1


[Site "https://www.chess.com"]

[Event "Titled Tuesday Blitz January 03 Early 2023"]
[White "Kopczynski, Michal"]
[Black "Pein, Malcolm"]
[WhiteFideId "1124200"]
[BlackFideId "400289"]
[WhiteElo "2225"]
[BlackElo "2305"]
[Result "1-0"]
[Round "05"]
[TimeControl "180+2"]
[Date "2023.01.03"]
[WhiteClock "0:00:32"]
[BlackClock "0:00:08"]

1. e4 e5 2. Nf3 Nc6 3. Bb5 a6 4. Ba4 Nf6 5. O-O Be7 6. Re1 b5 7. Bb3 O-O 8. a4 b4 9. h3 d5 10. exd5 e4 11. Nh2 Nd4 12. d3 Nxb3 13. cxb3 exd3 14. Qxd3 Bb7 15. Bg5 Re8 16. Nd2 h6 17. Bxf6 Bxf6 18. Rxe8+ Qxe8 19. Ng4 Bxb2 20. Rb1 Bc3 21. Ne4 Rd8 22. Nxc3 bxc3 23. Qxc3 Qe4 24. Re1 Qxd5 25. Ne3 Qd2 26. Rc1 Qxc3 27. Rxc3 Rd7 28. Kf1 Kf8 29. Ke2 Ke7 30. f3 Ke6 31. Nc4 f5 32. Re3+ Kf6 33. Rc3 f4 34. Na5 Bd5 35. Nc6 g5 36. Nb8 Re7+ 37. Kd2 a5 38. Na6 c6 39. Nc5 Ke5 40. Rd3 Ra7 41. Kc3 Ra8 42. Rd2 Kd6 43. Ne4+ Ke5 44. Nf2 Rb8 45. Ng4+ Ke6 46. Re2+ Kf5 47. Rb2 h5 48. Nf2 Rb4 49. Nd3 Rb8 50. Nc5 Kf6 51. Nd7+ 1-0


[Site "https://www.chess.com"]

[Event "Titled Tuesday Blitz January 03 Early 2023"]
[White "Namitbir Singh Walia"]
[Black "Wieczorek, Zbigniew"]
[WhiteFideId "35071068"]
[BlackFideId "1102001"]
[WhiteElo "2364"]
[BlackElo "2150"]
[Result "1-0"]
[Round "05"]
[TimeControl "180+2"]
[Date "2023.01.03"]
[WhiteClock "0:00:08"]
[BlackClock "0:00:02"]

1. e4 g6 2. d4 Bg7 3. Nf3 c6 4. Nc3 d5 5. Be3 Bg4 6. Be2 Nf6 7. e5 Nfd7 8. Qd2 e6 9. Bh6 O-O 10. h4 Bxh6 11. Qxh6 Bxf3 12. Bxf3 Kh8 13. h5 g5 14. Be2 Qe7 15. Bd3 f5 16. exf6 Rxf6 17. Qxg5 Na6 18. h6 Rg8 19. Qe3 Nb4 20. O-O-O Nxd3+ 21. Rxd3 Rxg2 22. Rd2 Rfg6 23. f4 Rxd2 24. Qxd2 Qf6 25. Qh2 Qxd4 26. a3 Nf6 27. Kb1 Ng4 28. Qe2 Qxf4 29. Rg1 Ne5 30. Rf1 Qg3 31. Rf8+ Rg8 32. Rxg8+ Kxg8 33. Qh5 Ng6 34. Na4 Qg1+ 35. Ka2 b5 36. Nc3 Qd4 37. Qe2 Qe5 38. Qg4 a6 39. a4 b4 40. Qxb4 Qf6 41. Qb8+ Qf8 42. Qb7 Qxh6 43. Qxc6 Nf4 44. Qe8+ Qf8 45. Qc6 Qf7 46. Qxa6 e5 47. Qa8+ Kg7 48. Nb5 d4+ 49. b3 d3 50. cxd3 Nxd3 51. Qg2+ Qg6 52. Qb7+ Qf7 53. Qe4 Nc5 54. Qxe5+ Qf6 55. Qxc5 Qf2+ 56. Qxf2 1-0


[Site "https://www.chess.com"]

[Event "Titled Tuesday Blitz January 03 Early 2023"]
[White "Moreno Perez, Tobias Sebastian"]
[Black "Martin, Lewis"]
[WhiteFideId "186716"]
[BlackFideId "410551"]
[WhiteElo "2256"]
[BlackElo "2135"]
[Result "1-0"]
[Round "05"]
[TimeControl "180+2"]
[Date "2023.01.03"]
[WhiteClock "0:00:33"]
[BlackClock "0:00:10"]

1. d4 d5 2. Bf4 e6 3. e3 Nf6 4. Nf3 Nbd7 5. Nbd2 c6 6. c3 Be7 7. h3 O-O 8. Bd3 b6 9. O-O Bb7 10. Ne5 Nxe5 11. dxe5 Nd7 12. Nf3 Re8 13. Bc2 Nf8 14. a3 c5 15. a4 f6 16. exf6 Bxf6 17. Ne5 Qe7 18. a5 g6 19. Qg4 Qg7 20. Qg3 b5 21. Ng4 e5 22. Bh6 Qf7 23. Nxf6+ Qxf6 24. f4 e4 25. f5 Qe5 26. Qh4 gxf5 27. Qg5+ Ng6 28. Rxf5 Qe7 29. Qg3 a6 30. Raf1 Bc6 31. Bd1 Ra7 32. Bh5 Kh8 33. Bxg6 hxg6 34. Qxg6 Rg8 35. Bg7+ Qxg7 36. Rh5+ Qh7 37. Rxh7+ Rxh7 38. Qxc6 Rxh3 39. Qf6+ 1-0


[Site "https://www.chess.com"]

[Event "Titled Tuesday Blitz January 03 Early 2023"]
[White "Samaganova, Aleksandra"]
[Black "Redzisz, Michal"]
[WhiteFideId "13800221"]
[BlackFideId "21816107"]
[WhiteElo "1856"]
[BlackElo "2269"]
[Result "0-1"]
[Round "05"]
[TimeControl "180+2"]
[Date "2023.01.03"]
[WhiteClock "0:00:05"]
[BlackClock "0:01:45"]

1. c4 Nf6 2. Nc3 d5 3. cxd5 Nxd5 4. Nf3 g6 5. d4 Bg7 6. e4 Nxc3 7. bxc3 c5 8. Be3 Qa5 9. Qd2 O-O 10. Bd3 Bg4 11. e5 Nc6 12. Be4 Rad8 13. Bxc6 bxc6 14. O-O Bxf3 15. gxf3 Bxe5 16. Qc2 cxd4 17. cxd4 Bxd4 18. Qxc6 Bxe3 19. fxe3 Qg5+ 20. Kh1 Rd2 21. f4 Qh4 22. Qg2 Rxg2 23. Kxg2 Rd8 0-1


[Site "https://www.chess.com"]

[Event "Titled Tuesday Blitz January 03 Early 2023"]
[White "Lakshmi C"]
[Black "Le Ruyet, Leopold"]
[WhiteFideId "25035347"]
[BlackFideId "645923"]
[WhiteElo "1928"]
[BlackElo "2245"]
[Result "0-1"]
[Round "05"]
[TimeControl "180+2"]
[Date "2023.01.03"]
[WhiteClock "0:00:01"]
[BlackClock "0:00:04"]

1. e4 d6 2. d4 Nf6 3. Nc3 e5 4. Nf3 Nbd7 5. Be2 Be7 6. O-O O-O 7. Bg5 c6 8. h3 b5 9. a3 a5 10. Bd3 h6 11. Bh4 Bb7 12. Bg3 b4 13. axb4 axb4 14. Rxa8 Qxa8 15. Ne2 Qa5 16. Nh4 g6 17. Qd2 Kg7 18. f4 Nh5 19. Bf2 exf4 20. Nxf4 Ndf6 21. Be3 Ng3 22. e5 dxe5 23. dxe5 Qxe5 24. Rf3 Nge4 25. Qe1 g5 26. Nf5+ Kg8 27. Bd4 Qxf5 28. Nh5 Qg6 0-1


[Site "https://www.chess.com"]

[Event "Titled Tuesday Blitz January 03 Early 2023"]
[White "Ciuffoletti, Paolo"]
[Black "Zherebtsova, Alexandra"]
[WhiteFideId "807630"]
[BlackFideId "24129518"]
[WhiteElo "2106"]
[BlackElo "2155"]
[Result "1/2-1/2"]
[Round "05"]
[TimeControl "180+2"]
[Date "2023.01.03"]
[WhiteClock "0:00:05"]
[BlackClock "0:00:10"]

1. e4 e5 2. Nf3 Nc6 3. Bc4 Nf6 4. d4 exd4 5. Ng5 d5 6. exd5 Qe7+ 7. Kf1 Ne5 8. Qxd4 Nxc4 9. Qxc4 Qc5 10. Nd2 Qxc4+ 11. Nxc4 Nxd5 12. Ne3 Nf6 13. Bd2 h6 14. Nf3 Bc5 15. Ke2 b6 16. c4 a5 17. Bc3 Be7 18. Rhd1 Ba6 19. b3 O-O 20. Nd5 Nxd5 21. Rxd5 Rad8 22. Rad1 Rxd5 23. Rxd5 Rd8 24. Rxd8+ Bxd8 25. Ne5 Bb7 26. g3 f6 27. Nf3 Kf7 28. Nd4 Be7 29. f4 Bc5 30. Nb5 c6 31. Na3 g5 32. Nc2 Ke6 33. Nd4+ Kf7 34. Nf5 Kg6 35. Ne3 gxf4 36. gxf4 f5 37. Kf3 Bd6 38. Nd1 c5+ 39. Ke3 Kh5 40. Be5 Bxe5 41. fxe5 Kg4 42. e6 f4+ 43. Kf2 Bc6 44. Nc3 Kf5 45. e7 Ke6 46. Nd5 Kf7 47. Kf3 Bxd5+ 48. cxd5 Kxe7 49. Kxf4 Kd6 50. Ke4 b5 51. a4 c4 52. bxc4 bxc4 53. Kd4 c3 54. Kxc3 Kxd5 55. Kd3 Kc5 56. Kc3 h5 57. h4 Kd5 58. Kd3 Kc5 59. Kc3 Kd5 60. Kd3 Kc5 61. Kc3 1/2-1/2


[Site "https://www.chess.com"]

[Event "Titled Tuesday Blitz January 03 Early 2023"]
[White "Lorenzo De La Riva, Lazaro"]
[Black "Kuchava, Ana"]
[WhiteFideId "2268809"]
[BlackFideId "13605348"]
[WhiteElo "2404"]
[BlackElo "2101"]
[Result "1-0"]
[Round "05"]
[TimeControl "180+2"]
[Date "2023.01.03"]
[WhiteClock "0:00:29"]
[BlackClock "0:00:02"]

1. b3 d5 2. Bb2 c5 3. e3 Nc6 4. Nf3 Nf6 5. Bb5 Bg4 6. h3 Bxf3 7. Qxf3 e6 8. Bxc6+ bxc6 9. O-O Be7 10. d3 O-O 11. c4 a5 12. Nc3 d4 13. Na4 Qd6 14. Ba3 Nd7 15. e4 e5 16. Qg3 Qg6 17. Qxg6 hxg6 18. g3 f5 19. Rae1 f4 20. g4 g5 21. f3 Kf7 22. Kg2 Rh8 23. Rh1 Rh4 24. Bc1 Ra6 25. Bd2 Rh8 26. Rb1 Nb6 27. Be1 Rb8 28. Bd2 Nxa4 29. bxa4 Rb4 30. Bxb4 cxb4 31. c5 Bxc5 32. Rhc1 Be7 33. Rc4 c5 34. Rc2 Ke6 35. Rb3 Ra8 36. a3 Kd6 37. Ra2 Kc6 38. Rb1 g6 39. axb4 axb4 40. a5 Ra6 41. Kf2 Bd8 42. Ke2 Kb5 43. Kd2 Rxa5 44. Rxa5+ Bxa5 45. Kc2 Bb6 46. Kb3 Ba5 47. Ra1 Kb6 48. Kc4 Ka6 49. Kxc5 1-0


[Site "https://www.chess.com"]

[Event "Titled Tuesday Blitz January 03 Early 2023"]
[White "Arpita, Mukherjee"]
[Black "Clawitter, Craig"]
[WhiteFideId "5056403"]
[BlackFideId "2023105"]
[WhiteElo "2203"]
[BlackElo "2050"]
[Result "1-0"]
[Round "05"]
[TimeControl "180+2"]
[Date "2023.01.03"]
[WhiteClock "0:01:00"]
[BlackClock "0:00:03"]

1. e4 e6 2. d4 d5 3. Nd2 Be7 4. Ngf3 Nf6 5. e5 Nfd7 6. Bd3 c5 7. c3 Nc6 8. O-O a5 9. a4 cxd4 10. cxd4 Nb4 11. Bb1 b6 12. Nb3 Ba6 13. Re1 b5 14. axb5 Bxb5 15. Bd2 a4 16. Bxb4 Bxb4 17. Nbd2 Nb6 18. h4 Nc4 19. Nxc4 Bxc4 20. Re3 Qd7 21. Nh2 Qb5 22. Qg4 Bf8 23. Bc2 Qxb2 24. Rxa4 Rc8 25. Qd1 Bb5 26. Rb3 Qxc2 27. Qxc2 Rxc2 28. Rxb5 Kd7 29. Ra8 g6 30. Rb7+ Rc7 31. Rxc7+ Kxc7 32. Nf3 Bg7 33. Rxh8 Bxh8 34. Ng5 f6 35. Nxe6+ Kd7 36. Nf8+ Ke8 37. Nxh7 fxe5 38. dxe5 Bxe5 39. Ng5 Ke7 40. Kf1 Kf6 41. Ke2 Kf5 42. Nf3 Ke4 43. Nxe5 Kxe5 44. g4 Kf4 45. f3 d4 46. Kd3 Kxf3 47. h5 Kxg4 48. hxg6 1-0


[Site "https://www.chess.com"]

[Event "Titled Tuesday Blitz January 03 Early 2023"]
[White "Broca Jimenez, Fernando"]
[Black "Andreev, Konstantin"]
[WhiteFideId "5104742"]
[BlackFideId "24239305"]
[WhiteElo "2075"]
[BlackElo "2195"]
[Result "0-1"]
[Round "05"]
[TimeControl "180+2"]
[Date "2023.01.03"]
[WhiteClock "0:00:05"]
[BlackClock "0:01:10"]

1. e4 g6 2. d4 Bg7 3. c4 b6 4. Nc3 Bb7 5. Nf3 e6 6. Bd3 Ne7 7. O-O d6 8. Bg5 Nd7 9. Qd2 h6 10. Be3 a6 11. b4 g5 12. Rac1 Ng6 13. Rfd1 Qe7 14. c5 bxc5 15. bxc5 dxc5 16. dxc5 Nde5 17. Nxe5 Nxe5 18. Bc2 O-O 19. Bb3 Ng4 20. Qe2 Nxe3 21. Qxe3 Rad8 22. Ne2 Bc6 23. Nd4 Ba8 24. e5 Bd5 25. Bxd5 Rxd5 26. Nc6 Qd7 27. Rxd5 exd5 28. Nd4 Re8 29. c6 Qg4 30. f3 Qc8 31. Qd3 Rxe5 32. Rb1 Qe8 33. Qxa6 Re1+ 34. Rxe1 Qxe1+ 0-1


[Site "https://www.chess.com"]

[Event "Titled Tuesday Blitz January 03 Early 2023"]
[White "Estrada Nieto, Julian"]
[Black "Ardila, Oscar Humberto"]
[WhiteFideId "5101018"]
[BlackFideId "4404742"]
[WhiteElo "2215"]
[BlackElo "1982"]
[Result "1-0"]
[Round "05"]
[TimeControl "180+2"]
[Date "2023.01.03"]
[WhiteClock "0:01:10"]
[BlackClock "0:00:58"]

1. e4 e5 2. Nf3 Nf6 3. d4 Nxe4 4. Bd3 d5 5. Nxe5 Nf6 6. O-O Be7 7. Bg5 O-O 8. Re1 Nbd7 9. Nc3 c6 10. Qf3 Re8 11. Nxd7 Bxd7 12. h3 h6 13. Bf4 Bf8 14. Rxe8 Bxe8 15. Re1 Bd7 16. Be5 Be7 17. Nd1 Qf8 18. Ne3 Re8 19. Nf5 Bxf5 20. Qxf5 g6 21. Qf4 Nd7 22. Qg4 Nxe5 23. dxe5 Bb4 24. c3 h5 25. Qxb4 Qxb4 26. cxb4 Kf8 27. f4 Ke7 28. Kf2 Ke6 29. Ke3 b6 30. Kd4 Rc8 31. Rc1 Rc7 32. g4 hxg4 33. hxg4 Rc8 34. f5+ gxf5 35. Bxf5+ 1-0


[Site "https://www.chess.com"]

[Event "Titled Tuesday Blitz January 03 Early 2023"]
[White "Thomas, Anysia"]
[Black "Kalajzic, Ivan"]
[WhiteFideId "670472"]
[BlackFideId "14506378"]
[WhiteElo "2147"]
[BlackElo "2062"]
[Result "0-1"]
[Round "05"]
[TimeControl "180+2"]
[Date "2023.01.03"]
[WhiteClock "0:00:03"]
[BlackClock "0:00:20"]

1. d4 Nc6 2. Nf3 d6 3. c4 Bg4 4. Nc3 e5 5. dxe5 dxe5 6. Qa4 Bd7 7. Qd1 Bb4 8. e3 Qe7 9. Be2 O-O-O 10. O-O Bxc3 11. bxc3 Bf5 12. Qa4 f6 13. Ba3 Qe8 14. c5 Nd4 15. Qxa7 Nxe2+ 16. Kh1 Qb5 17. Qa8+ Kd7 18. Rad1+ Bd3 19. c4 Rxa8 20. Rxd3+ Ke6 21. cxb5 e4 22. Nd4+ Nxd4 23. Rxd4 Rxa3 24. Rxe4+ Kf7 25. Rd4 Ke6 26. Rd8 Rxa2 27. h3 Kf7 28. Rfd1 Rxf2 29. R1d7+ Kg6 30. Rxc7 Rc2 31. c6 bxc6 32. b6 Ne7 33. Rxh8 Nd5 34. Rxc6 Rxc6 35. Rc8 Rxc8 36. b7 Rb8 0-1


[Site "https://www.chess.com"]

[Event "Titled Tuesday Blitz January 03 Early 2023"]
[White "Novikova, Galina"]
[Black "Fabris, Alberto"]
[WhiteFideId "4157095"]
[BlackFideId "801348"]
[WhiteElo "2073"]
[BlackElo "2230"]
[Result "0-1"]
[Round "05"]
[TimeControl "180+2"]
[Date "2023.01.03"]
[WhiteClock "0:00:08"]
[BlackClock "0:00:23"]

1. e4 c5 2. Nf3 d6 3. d4 cxd4 4. Nxd4 Nf6 5. Nc3 a6 6. h3 e6 7. g4 Be7 8. Bg2 Qc7 9. O-O Nc6 10. Kh1 O-O 11. f4 Bd7 12. g5 Ne8 13. Be3 Nxd4 14. Bxd4 Bc6 15. h4 b5 16. Ne2 Qb7 17. Ng3 Nc7 18. Qe2 Rfe8 19. Rae1 Bf8 20. Nh5 b4 21. Qg4 e5 22. fxe5 dxe5 23. Bg1 Ne6 24. Bh2 Nd4 25. c3 bxc3 26. bxc3 Nb5 27. Qf3 Nd6 28. Qg4 Re6 29. Bf3 Nc4 30. Rg1 Nd2 31. Nf6+ Kh8 32. Bd1 gxf6 33. Bc2 Bg7 34. gxf6 Bxf6 35. Rg2 Ree8 36. Rxd2 Rg8 37. Qf3 Bxh4 38. Rf1 f6 39. Rd6 Rad8 40. Rxf6 Bxf6 41. Qxf6+ Qg7 42. Bxe5 Rde8 43. Qxg7+ Rxg7 44. Bxg7+ Kxg7 45. Rf4 Kg6 46. Kg2 Kg5 47. Kf3 h5 48. Rf5+ Kh6 49. Rc5 Bb5 50. c4 Bd7 51. Rc7 Re7 52. Ba4 Bg4+ 53. Ke3 Rxc7 54. Bb3 Re7 55. Kd4 Bf3 56. e5 h4 57. c5 h3 58. Bd5 Bxd5 59. Kxd5 h2 60. Kd6 Rh7 61. c6 h1=Q 62. c7 Qd1+ 63. Ke6 Qc2 0-1


[Site "https://www.chess.com"]

[Event "Titled Tuesday Blitz January 03 Early 2023"]
[White "Osiecki, Stanislaw"]
[Black "Miszler, Levente"]
[WhiteFideId "1102990"]
[BlackFideId "763276"]
[WhiteElo "2055"]
[BlackElo "2271"]
[Result "1/2-1/2"]
[Round "05"]
[TimeControl "180+2"]
[Date "2023.01.03"]
[WhiteClock "0:00:04"]
[BlackClock "0:00:07"]

1. e4 e6 2. d4 d5 3. e5 f6 4. c3 fxe5 5. dxe5 c5 6. Bd3 g6 7. Qc2 Ne7 8. Bg5 Bg7 9. Nf3 c4 10. Be2 Nbc6 11. O-O O-O 12. Re1 Nxe5 13. Nxe5 Bxe5 14. Bxc4 Rf5 15. Bxe7 Qxe7 16. Bd3 Rh5 17. g3 Qf6 18. f4 Bc7 19. Be2 Rh6 20. Nd2 Bd7 21. Nf3 Re8 22. Bf1 e5 23. Nxe5 Bxe5 24. Rxe5 Rxe5 25. fxe5 Qxe5 26. Qd2 Rh5 27. Re1 Qd6 28. Bg2 Bc6 29. Qe2 Rf5 30. Qe7 Qxe7 31. Rxe7 Rf7 32. Rxf7 Kxf7 33. Kf2 Ke6 34. Ke3 Ke5 35. b4 Bb5 36. Bh3 Bc4 37. a3 b6 38. Bc8 Bb3 39. h4 Ba4 40. Bg4 h6 41. Bc8 Bb5 42. Bg4 Ba4 43. Bc8 Bc2 44. Bg4 Bf5 45. Bf3 Be6 46. Be2 Bd7 47. Bf3 g5 48. hxg5 hxg5 49. Bh5 Be6 50. Bg6 Bc8 51. Bh7 Bf5 52. Bg8 Be4 53. Bf7 Kf5 54. Bh5 Bg2 55. Kd4 Bh1 56. Be2 Be4 57. Bh5 Bg2 58. Be2 g4 59. Bb5 Bf3 60. Bc6 Ke6 61. Bb7 Kd6 62. Bc8 Be4 63. Bb7 Bf3 64. Bc8 a5 65. Bb7 axb4 66. axb4 Bg2 67. Bc8 Bf3 68. Bb7 Be4 69. Bc8 Bg2 70. Bb7 Bf3 71. Bc8 Be4 72. Bb7 Bf3 73. Bc8 Be4 74. Bb7 Bf3 1/2-1/2


[Site "https://www.chess.com"]

[Event "Titled Tuesday Blitz January 03 Early 2023"]
[White "Suduvasachmatai"]
[Black "Topalov, Aleksandar"]
[BlackFideId "925659"]
[WhiteElo "2107"]
[BlackElo "2233"]
[Result "0-1"]
[Round "05"]
[TimeControl "180+2"]
[Date "2023.01.03"]
[WhiteClock "0:01:19"]
[BlackClock "0:01:22"]

1. e4 e6 2. d4 d5 3. e5 Ne7 4. Bd3 Qd7 5. c3 b6 6. Nf3 Ba6 7. Bxa6 Nxa6 8. O-O c5 9. Be3 Nf5 10. Qe2 Nb8 11. Nbd2 Nc6 12. h3 Be7 13. a4 O-O 14. dxc5 Nxe3 15. fxe3 bxc5 16. e4 Rab8 17. Rfb1 d4 18. cxd4 Nxd4 19. Nxd4 Qxd4+ 20. Kh1 Rxb2 21. Rxb2 Qxb2 22. Rb1 Qa2 23. Qd1 Rd8 24. Qc1 Qxd2 25. Qxd2 Rxd2 26. Rb7 Rd8 27. Rxe7 Rc8 28. Rxa7 c4 29. Rb7 c3 30. Rb1 c2 31. Rc1 g5 32. a5 Ra8 33. Rxc2 Rxa5 34. Rc4 Rxe5 35. Kh2 h5 36. Kg3 Kg7 37. Kf3 Kg6 38. g4 h4 39. Rc8 Ra5 40. Rc3 Kf6 41. Ke3 Ra1 42. Kf2 Ke5 43. Re3 Ra2+ 44. Kf3 Rh2 45. Re1 Rxh3+ 0-1


[Site "https://www.chess.com"]

[Event "Titled Tuesday Blitz January 03 Early 2023"]
[White "Pandey Srishti"]
[Black "Cardozo Munar, Carlos Eduardo"]
[WhiteFideId "35093290"]
[BlackFideId "4409477"]
[WhiteElo "2188"]
[BlackElo "2043"]
[Result "1-0"]
[Round "05"]
[TimeControl "180+2"]
[Date "2023.01.03"]
[WhiteClock "0:00:38"]
[BlackClock "0:00:59"]

1. d4 d5 2. c4 e5 3. dxe5 d4 4. a3 Nc6 5. Nf3 Nge7 6. e3 Bg4 7. Be2 dxe3 8. Bxe3 Qxd1+ 9. Bxd1 Ng6 10. Nc3 Ngxe5 11. Nxe5 Nxe5 12. Bxg4 Nxg4 13. Bf4 O-O-O 14. O-O Bc5 15. h3 Nf6 16. Rad1 c6 17. b4 Bd4 18. Ne2 Bb2 19. a4 Ne4 20. b5 Rxd1 21. Rxd1 Rd8 22. Rxd8+ Kxd8 23. f3 Nc3 24. Nxc3 Bxc3 25. Be3 cxb5 26. cxb5 a6 27. Kf1 axb5 28. axb5 Kd7 29. Ke2 g6 30. Kd3 Bf6 31. Kc4 Bd8 32. Kd5 h5 33. g4 hxg4 34. fxg4 f5 35. g5 Bc7 36. Bf2 Ke7 37. h4 Kd7 38. Be1 Ke7 39. Bb4+ Kd7 40. h5 gxh5 41. g6 Ke8 42. Ke6 Ba5 43. g7 Bxb4 44. g8=Q+ Bf8 45. Qf7+ 1-0


[Site "https://www.chess.com"]

[Event "Titled Tuesday Blitz January 03 Early 2023"]
[White "Mitrovic, Darko R"]
[Black "Dinu, Dumitru-Daniel"]
[WhiteFideId "927023"]
[BlackFideId "1208403"]
[WhiteElo "2220"]
[BlackElo "2203"]
[Result "0-1"]
[Round "05"]
[TimeControl "180+2"]
[Date "2023.01.03"]
[WhiteClock "0:00:02"]
[BlackClock "0:00:12"]

1. d4 Nf6 2. Nf3 e6 3. g3 d5 4. Bg2 Bd6 5. O-O O-O 6. b3 c6 7. c4 Nbd7 8. Nc3 Qe7 9. Qc2 b6 10. e4 dxe4 11. Nxe4 Nxe4 12. Qxe4 Bb7 13. Bf4 Nf6 14. Bxd6 Qxd6 15. Qe5 Rfd8 16. Qxd6 Rxd6 17. Rac1 c5 18. dxc5 bxc5 19. Rfd1 Rad8 20. Rxd6 Rxd6 21. Kf1 Kf8 22. Ke1 Ke7 23. Rd1 Rxd1+ 24. Kxd1 Ne4 25. Ke1 Kd6 26. Ng5 Nxg5 27. Bxb7 f6 28. f4 Nf7 29. Ke2 e5 30. Bd5 Nh6 31. Kf3 exf4 32. Kxf4 g5+ 33. Ke4 f5+ 34. Ke3 Ke5 35. Kf3 Ng4 36. h3 Nf6 37. Bf7 Ne4 38. Bg8 h6 39. Bd5 Nd2+ 40. Ke2 Ne4 41. Kf3 Nc3 42. Bg8 Nxa2 43. h4 gxh4 44. gxh4 Nc1 45. b4 cxb4 46. c5 Nb3 0-1


[Site "https://www.chess.com"]

[Event "Titled Tuesday Blitz January 03 Early 2023"]
[White "Guevara Sanchez, Erick Marvin"]
[Black "Chernov, Mikhail"]
[WhiteFideId "6700136"]
[BlackFideId "24143170"]
[WhiteElo "2073"]
[BlackElo "2205"]
[Result "0-1"]
[Round "05"]
[TimeControl "180+2"]
[Date "2023.01.03"]
[WhiteClock "0:00:25"]
[BlackClock "0:01:18"]

1. e4 c5 2. Nf3 Nc6 3. d4 cxd4 4. Nxd4 Nf6 5. Nc3 d6 6. Be3 Ng4 7. Bb5 Nxe3 8. Nxc6 Nxd1 9. Nxd8+ Kxd8 10. Rxd1 a6 11. Bc4 e6 12. O-O Kc7 13. a4 b6 14. f3 Be7 15. Ne2 Bb7 16. Bd3 Bf6 17. b4 Bc6 18. b5 axb5 19. axb5 Bb7 20. Nc1 Ra3 21. Nb3 Rha8 22. f4 Ra2 23. e5 Be7 24. exd6+ Bxd6 25. g3 R8a3 26. Ra1 Bc5+ 27. Nxc5 Rxa1 28. Nb3 Rxf1+ 29. Kxf1 Bd5 30. Nd4 Ra1+ 31. Kf2 Rh1 32. h4 Kd6 33. c4 Kc5 34. cxd5 Kxd4 35. d6 Ra1 36. Be2 Ra7 37. Bf3 Rd7 38. Bc6 Rxd6 39. Kf3 f6 40. Kg4 e5 41. Kf5 g6+ 42. Kg4 e4 43. f5 gxf5+ 44. Kxf5 e3 45. Bf3 Kd3 46. Kf4 e2 47. Bxe2+ Kxe2 48. g4 Rd5 49. g5 fxg5+ 50. hxg5 Rxb5 51. Kg4 Rc5 52. Kh5 b5 53. Kh6 b4 54. Kxh7 Rxg5 55. Kh6 Rg2 56. Kh7 b3 57. Kh6 b2 58. Kh7 b1=Q+ 59. Kh6 Qh1# 0-1


[Site "https://www.chess.com"]

[Event "Titled Tuesday Blitz January 03 Early 2023"]
[White "Eisa Mohmood, Alkhoori"]
[Black "Dwilewicz, Katarzyna"]
[WhiteFideId "9316116"]
[BlackFideId "1148486"]
[WhiteElo "1095"]
[BlackElo "2115"]
[Result "0-1"]
[Round "05"]
[TimeControl "180+2"]
[Date "2023.01.03"]
[WhiteClock "0:00:09"]
[BlackClock "0:01:02"]

1. d4 d5 2. g3 Nf6 3. Bg2 c6 4. Nf3 g6 5. O-O Bg7 6. c4 O-O 7. b3 dxc4 8. bxc4 c5 9. Bb2 cxd4 10. Nxd4 Qb6 11. Nb3 Rd8 12. N1d2 Nc6 13. c5 Qc7 14. e3 a5 15. a4 Bf5 16. e4 Bxe4 17. Bxe4 Nxe4 18. Bxg7 Kxg7 19. Qc2 Nxd2 20. Nxd2 Nd4 21. Qb2 e5 22. Ne4 Qc6 23. f3 Nxf3+ 24. Rxf3 Qxe4 25. Raf1 f5 26. Rf4 Qe3+ 27. R4f2 Rd7 28. Qb5 Rc7 29. c6 bxc6 30. Qb3 Qxb3 0-1


[Site "https://www.chess.com"]